 Dungeon Crawl Stone Soup version 0.19-a0-1337-g9bf5fb0 (webtiles) character file.

553 Banto the Carver (level 7, -7/45 HPs)
             Began as a High Elf Skald on Sept 1, 2016.
             Was a Follower of Okawaru.
             Killed by divine providence
             ... invoked by an orc priest
              (9 damage)
             ... on level 5 of the Dungeon.
             The game lasted 00:07:29 (4855 turns).

Banto the Carver (High Elf Skald)                   Turns: 4855, Time: 00:07:29

Health: -7/45      AC:  8    Str: 12    XL:     7   Next: 8%
Magic:  11/11      EV: 11    Int: 16    God:    Okawaru [*.....]
Gold:   198        SH:  0    Dex: 16    Spells: 3 memorised, 4 levels left

rFire  + . .     SeeInvis .     b - +0 blowgun
rCold  . . .     Gourm    .     n - +1 leather armour {rF+}
rNeg   . . .     Faith    .     (no shield)
rPois  .         Spirit   .     i - +0 helmet
rElec  .         Dismiss  .     (no cloak)
rCorr  .         Reflect  .     j - +1 pair of gloves
MR     .....     Harm     .     f - +0 pair of boots
Stlth  +.........               (no amulet)
                                (no ring)
                                (no ring)

@: very slightly contaminated, invisible
A: no striking features
a: Heroism, Renounce Religion


You were on level 5 of the Dungeon.
You worshipped Okawaru.
Okawaru was aware of your devotion.
You were not hungry.

You visited 1 branch of the dungeon, and saw 5 of its levels.

You collected 198 gold pieces.

Inventory:

Hand Weapons
 a - a +0 falchion
 b - a +0 blowgun (weapon)
Missiles
 l - 7 javelins
 s - 6 poisoned needles (quivered)
Armour
 f - a +0 pair of boots (worn)
 i - a +0 helmet (worn)
 j - a +1 pair of gloves (worn)
 n - a +1 leather armour of fire resistance (worn)
Wands
 x - a wand of lightning (2/15)
Scrolls
 e - 2 scrolls of immolation
 k - a scroll of magic mapping
 q - 2 scrolls of remove curse
 r - 3 scrolls of teleportation
 w - a scroll of identify
Potions
 g - a potion of lignification {unknown}
 p - a potion of magic {unknown}
 u - a potion of resistance {unknown}
 v - a potion of agility {unknown}
Comestibles
 d - 4 bread rations
 h - 3 meat rations
 m - 5 fruits
 o - a beef jerky
 t - 2 chunks of flesh


   Skills:
 - Level 2.0 Fighting
 + Level 9.2 Long Blades
 - Level 0.8 Armour
 - Level 1.1 Dodging
 - Level 2.4 Spellcasting
 - Level 4.1 Charms


You had 4 spell levels left.
You knew the following spells:

 Your Spells              Type           Power        Failure   Level  Hunger
a - Infusion              Chrm           ###.         6%          1    #......
b - Song of Slaying       Chrm           ###.....     10%         2    ###....
c - Regeneration          Chrm/Necr      #.........   34%         3    ###....


Dungeon Overview and Level Annotations

Branches:
Dungeon (5/15)
 Temple: D:4-7

Altars:
Ashenzari
Gozag
Okawaru
Yredelemnul

Annotations:
D:3 1 runed door
D:5 Prince Ribbit


Message History

The orc is heavily wounded.
The orc hits you with a flail.
* * * LOW HITPOINT WARNING * * *
The orc hits you with a club.
* * * LOW HITPOINT WARNING * * *
The orc hits you with a club.
* * * LOW HITPOINT WARNING * * *
You take 13 damage, and have 3/45 hp.
MASSIVE DAMAGE!!
It was a potion of invisibility.
You fade into invisibility!
The orc barely misses you. The orc hits you with a club.
* * * LOW HITPOINT WARNING * * *
The orc closely misses you.
You are very lightly contaminated with residual magic.
You take 2 damage, and have 1/45 hp.
You kill the orc!
Okawaru accepts your kill.
The orc priest invokes the aid of Beogh against you.
Beogh smites you!
You die...

### ..... .....
.... #####..###.
#..######..........
.......@o.......#
.##.#####.oo....#..
#...(.....⌠
######.##.. #


You could see an orc priest and 2 orcs.

Vanquished Creatures
  A phantom (D:4)
  Blork the orc (D:5)
  A scorpion (D:5)
  A crimson imp (D:5)
  A hound (D:4)
  An orc wizard (D:5)
  An orc priest (D:4)
  A centaur skeleton (D:4)
  Ijyb (D:3)
  Terence (D:3)
  3 adders
  A howler monkey skeleton (D:3)
  An ooze (D:1)
  3 worms
  3 giant geckos
  10 orcs
  3 giant cockroaches
  11 goblins
  13 hobgoblins
  6 jackals
  5 quokkas
  11 bats
  8 giant newts
  A jackal skeleton (D:3)
  9 kobolds
  5 rats
103 creatures vanquished.

Notes
Turn   | Place    | Note
-------+----------+-------------------------------------------
     0 | D:1      | Banto the High Elf Skald began the quest for the Orb.
     0 | D:1      | Reached XP level 1. HP: 14/14 MP: 4/4
     3 | D:1      | Noticed an electric eel
     3 | D:1      | Noticed an electric eel
   203 | D:1      | Reached XP level 2. HP: 17/19 MP: 6/6
   231 | D:1      | Reached skill level 3 in Long Blades
   669 | D:1      | Reached XP level 3. HP: 21/24 MP: 7/7
   778 | D:1      | Reached skill level 4 in Long Blades
   993 | D:2      | Learned a level 2 spell: Song of Slaying
   997 | D:2      | Learned a level 3 spell: Regeneration
  1368 | D:2      | Found an iron altar of Okawaru.
  1368 | D:2      | Found a shattered altar of Ashenzari.
  1502 | D:2      | Became a worshipper of Warmaster Okawaru
  1674 | D:2      | Reached XP level 4. HP: 28/29 MP: 2/8
  1712 | D:2      | Reached skill level 5 in Long Blades
  2028 | D:3      | Found a runed door.
  2029 | D:3      | Noticed a human
  2032 | D:3      | Found a basalt altar of Yredelemnul.
  2222 | D:3      | Noticed Ijyb
  2413 | D:3      | Killed Ijyb
  2514 | D:3      | Noticed Terence
  2521 | D:3      | Killed Terence
  2521 | D:3      | Reached skill level 6 in Long Blades
  2521 | D:3      | Reached XP level 5. HP: 34/34 MP: 5/9
  3285 | D:4      | Noticed a phantom
  3299 | D:4      | Killed a phantom
  3299 | D:4      | Reached skill level 7 in Long Blades
  3299 | D:4      | Reached XP level 6. HP: 26/39 MP: 0/10
  3950 | D:4      | Reached skill level 8 in Long Blades
  4224 | D:4      | Found an opulent altar of Gozag.
  4272 | D:5      | Entered Level 5 of the Dungeon
  4455 | D:5      | Noticed Blork the orc
  4503 | D:5      | Killed Blork the orc
  4503 | D:5      | Reached * piety under Okawaru
  4554 | D:5      | Reached skill level 9 in Long Blades
  4580 | D:5      | Reached XP level 7. HP: 40/45 MP: 11/11
  4726 | D:5      | Noticed Prince Ribbit
  4851 | D:5      | HP: 1/45 [orc/club (2)]
  4855 | D:5      | Killed from afar by an orc priest

Vault maps used:
D:1:      arrival_aquarium_b
D:2:      gammafunk_temple_overflow_statue, kennysheep_decorative_pillar
D:3:      dk_yredelemnul_ordeal, uniq_terence, uniq_iyjb
D:4:      nicolae_overflow_hidden_temple
D:5:      lemuel_round_altar, first_bread, grunt_ministairs_13,
          uniq_prince_ribbit1, uniq_blork_the_orc

Skill      XL: |  1  2  3  4  5  6 |
---------------+-------------------+-----
Long Blades    | 3 4 6 7 9 |  9.2
Charms         | 4 |  4.1
Fighting       | |  2.0
Armour         | |  0.8
Dodging        | |  1.1
Spellcasting   | |  2.4

Action                   |  1- 3 |  4- 6 |  7- 9 || total
-------------------------+-------+-------+-------++-------
Melee: Falchion          |   159 |   279 |    29 ||   467
 Fire: Blowgun           |       |       |    13 ||    13
Throw: Javelin           |       |     2 |       ||     2
 Cast: Infusion          |    10 |    10 |       ||    20
       Song of Slaying   |       |     1 |       ||     1
Evoke: Wand              |       |     2 |       ||     2
  Use: Scroll            |     5 |     2 |     2 ||     9
       Potion            |       |       |     1 ||     1
 Stab: Sleeping          |     1 |     1 |       ||     2
  Eat: Chunk             |     2 |     9 |     1 ||    12
       Pizza             |       |     1 |       ||     1
Armor: Leather armour    |    34 |    47 |     9 ||    90
       Ring mail         |       |    29 |       ||    29
Dodge: Dodged            |    69 |   118 |    17 ||   204

Table legend:
 A = Turns spent in this place as a percentage of turns spent in the entire game.
 B = Non-inter-level travel turns spent in this place as a percentage of non-inter-level travel turns spent in the entire game.
 C = Inter-level travel turns spent in this place as a percentage of turns spent in this place.
 D = Turns resting spent in this place as a percentage of non-inter-level travel turns spent in this place.
 E = Turns spent auto-exploring this place as a percentage of non-inter-level travel turns spent in this place.
 F = Non-inter-level travel turns spent in this place divided by the number of levels of this place that you've seen.
                   A       B       C       D       E      F
               +-------+-------+-------+-------+-------+----------------------
         Total | 100.0 | 100.0 |   0.5 |   7.2 |  10.7 | 257.4
       Dungeon | 100.0 | 100.0 |   0.5 |   7.2 |  10.7 | 257.4
               +-------+-------+-------+-------+-------+----------------------

Table legend:
 A = Kills in this place as a percentage of kills in entire the game.
 B = Kills by you in this place as a percentage of kills by you in the entire game.
 C = Kills by friends in this place as a percentage of kills by friends in the entire game.
 D = Other kills in this place as a percentage of other kills in the entire game.
 E = Experience gained in this place as a percentage of experience gained in the entire game.
 F = Experience gained in this place divided by the number of levels of this place that you have seen.
                   A       B       C       D       E      F
               +-------+-------+-------+-------+-------+----------------------
         Total | 100.0 | 100.0 |  -nan |  -nan | 100.0 | 158.2
       Dungeon | 100.0 | 100.0 |  -nan |  -nan | 100.0 | 158.2
               +-------+-------+-------+-------+-------+----------------------
